 Dungeon Crawl Stone Soup version 0.30.0-5-g1a98f26d00 (webtiles) character file.

Game seed: 16918269446030427818

331 CaptainMV the Blocker (level 6, 0/66 HPs)
             Began as a Gnoll Wanderer on May 12, 2023.
             Was an Initiate of Okawaru.
             Succumbed to a water moccasin's poison
             ... on level 5 of the Dungeon.
             The game lasted 00:22:56 (3247 turns).

CaptainMV the Blocker (Gnoll Wanderer)              Turns: 3247, Time: 00:22:56

Health: 0/66       AC: 13    Str:  9    XL:     6   Next: 52%
Magic:  11/11      EV: 11    Int: 12    God:    Okawaru [......]
Gold:   80         SH:  0    Dex: 15    Spells: 5/12 levels left

rFire   + . .        a - +2 dagger (venom)
rCold   + . .        (no shield)
rNeg    . . .        o - +0 chain mail
rPois   +            h - +0 helmet
rElec   +            (no cloak)
rCorr   +            (no gloves)
SInv    .            l - +0 pair of boots
Will    .....        (no amulet) Stlth
                     s - +5 ring of evasion
HPRegen 0.31/turn    (no ring)
MPRegen 0.12/turn

%: no passive effects
@: berserking, lethally poisoned (0 -> -4), resistant, very quick
A: fangs 1, strong nose, distributed training
a: Renounce Religion


You were on level 5 of the Dungeon.
You worshipped Okawaru.
Okawaru was noncommittal.
You visited 2 branches of the dungeon, and saw 6 of its levels.

You collected 230 gold pieces.
You spent 150 gold pieces at shops.

Inventory:

Hand Weapons
 a - a +2 dagger of venom (weapon)
 b - a +3 shortbow of flaming
 m - a +0 lajatang
Missiles
 v - 2 atropa-tipped darts
Armour
 d - a +0 buckler of protection
 h - a +0 helmet (worn)
 l - a +0 pair of boots (worn)
 o - a +0 chain mail (worn)
Jewellery
 s - a +5 ring of evasion (left hand)
Wands
 g - a wand of digging (6)
 k - a wand of paralysis (8)
Scrolls
 j - a scroll of blinking
 n - 2 scrolls of poison
 p - 2 scrolls of brand weapon
Potions
 e - a potion of cancellation
 i - 2 potions of resistance
 t - a potion of haste {unknown}


   Skills:
 + Level 2.1 Fighting
 + Level 2.1 Short Blades
 + Level 2.1 Long Blades
 + Level 2.1 Axes
 + Level 2.1 Maces & Flails
 + Level 2.1 Polearms
 + Level 2.1 Staves
 + Level 2.1 Ranged Weapons
 + Level 2.1 Throwing
 + Level 6.9 Armour
 + Level 2.1 Dodging
 + Level 2.1 Stealth
 + Level 10.6 Shields
 + Level 2.1 Unarmed Combat
 + Level 3.5 Spellcasting
 + Level 2.7 Conjurations
 + Level 1.6 Hexes
 + Level 1.6 Summonings
 + Level 1.6 Necromancy
 + Level 1.6 Translocations
 + Level 1.6 Transmutations
 + Level 1.6 Fire Magic
 + Level 1.6 Ice Magic
 + Level 1.6 Air Magic
 + Level 1.6 Earth Magic
 + Level 1.6 Poison Magic
 + Level 2.3 Invocations
 + Level 2.1 Evocations


You had 5 spell levels left.
You knew the following spells:

 Your Spells              Type           Power      Damage    Failure   Level
a - Static Discharge      Conj/Air       14%        2-3/arc   99%         2
b - Momentum Strike       Conj/Tloc      14%        3d8       99%         2
c - Ignite Poison         Fire/Tmut/Pois 6%         N/A       100%        3

Your spell library contained the following spells:

 Spells                   Type           Power      Damage    Failure   Level
 Slow                     Hex            24%        N/A       99%         1
 Cigotuvi's Dreadful Rot  Necr/Pois/Air  12%        N/A       100%        2
 Confusing Touch          Hex            6%         N/A       100%        3
 Gell's Gravitas          Tloc           6%         N/A       100%        3
 Teleport Other           Tloc           6%         N/A       100%        3
 Vampiric Draining        Necr           6%         2d6       100%        3
 Freezing Cloud           Conj/Ice/Air   3%         6-21      100%        5
 Dispersal                Tloc           3%         N/A       100%        6


Dungeon Overview and Level Annotations

Branches:
Dungeon (5/15)             Temple (1/1) D:4

Altars:
Elyvilon
Hepliaklqana
Kikubaaqudgha
Makhleb
Okawaru
Sif Muna
Trog
Uskayaw

Shops:
D:1 (   D:2 ([*

Annotations:
D:5 Pikel


Innate Abilities, Weirdness & Mutations

You have very sharp teeth.
Your uncanny sense of smell can sniff out nearby items.
Your experience applies equally to all skills.


Message History

The lemure hits you.
* * * LOW HITPOINT WARNING * * *
Pikel closely misses you. The lemure hits you but does no damage.
You feel much better.
You feel very sick.
The water moccasin bites you but does no damage.
The water moccasin bites you. The lemure completely misses you.
The lemure hits you but does no damage. Pikel barely misses you.
The lemure hits you but does no damage.
You feel protected.
You feel very sick.
The water moccasin bites you but does no damage.
The lemure hits you. The lemure closely misses you.
Pikel completely misses you. The lemure hits you.
You barely miss Pikel.
Pikel is lightly wounded.
You feel very sick.
The water moccasin bites you but does no damage.
The lemure hits you but does no damage. The water moccasin bites you.
The lemure hits you. Pikel barely misses you. The lemure hits you.
* * * LOW HITPOINT WARNING * * *
You hit Pikel.
Pikel looks even sicker.
Pikel is lightly wounded.
You feel sick. The water moccasin closely misses you.
You hit Pikel but do no damage.
Pikel is lightly wounded.
You feel sick. Pikel barely misses you. The lemure hits you but does no damage.
The lemure closely misses you. x2; The water moccasin closely misses you.
A red film seems to cover your vision as you go berserk!
You feel yourself moving faster!
You feel mighty!
You feel sick. The water moccasin closely misses you.
The lemure hits you but does no damage. The lemure hits you.
* * * LOW HITPOINT WARNING * * *
Pikel hits you with a +2 whip of freezing.
* * * LOW HITPOINT WARNING * * *
The lemure barely misses you. The water moccasin bites you.
* * * LOW HITPOINT WARNING * * *
You barely miss Pikel.
Pikel is moderately wounded.
You die...

..#.. .# . ..... ...# ..
. ... ...### ... .# ..
...... ...#####.
#.####...... ........
#...........
.......#######..5....?..
...............S55......
...............K@5......
#......#######.########.
#.)....# #.# #......#
#.. #.)....# ###.
#......####### ..
#..).......... ..
.)............
#.............


You could see Pikel (very poisoned), a water moccasin and 4 lemures.

Vanquished Creatures
  An orc warrior (D:5)
  A scorpion (D:3)
  A hound (D:5)
  An orc priest (D:5)
  An orc wizard (D:3)
  3 adders
  A dart slug (D:3)
  5 orcs
  8 ball pythons
  8 endoplasms
  3 giant cockroaches
  10 hobgoblins
  6 kobolds
  3 quokkas
  7 bats
  2 frilled lizards (D:1)
  2 goblins
  4 rats
67 creatures vanquished.

Notes
Turn   | Place    | Note
-------+----------+-------------------------------------------
     0 | D:1      | Reached skill level 10 in Shields
     0 | D:1      | CaptainMV the Gnoll Wanderer began the quest for the Orb.
     0 | D:1      | CaptainMV set off with the following items: a +0 dagger, a
                  | +0 ring mail, a potion of berserk rage, a +0 buckler of
                  | protection; and the following spells available to memorise:
                  | Momentum Strike, Static Discharge.
     0 | D:1      | Reached XP level 1. HP: 13/13 MP: 4/4
    17 | D:1      | Found Hirram's Weapon Shop.
   118 | D:1      | Reached XP level 2. HP: 19/19 MP: 5/5
   130 | D:1      | Learned a level 2 spell: Static Discharge
   133 | D:1      | Learned a level 2 spell: Momentum Strike
   677 | D:2      | Reached XP level 3. HP: 25/25 MP: 7/7
   722 | D:2      | Found Ywaethrucki's Antique Weapon Shoppe.
  1028 | D:2      | Reached skill level 1 in Invocations
  1058 | D:2      | Found Imymiess's General Store.
  1517 | D:2      | Found Vudweah's Armour Boutique.
  1742 | D:3      | Reached skill level 1 in Fighting
  1742 | D:3      | Reached skill level 1 in Short Blades
  1742 | D:3      | Reached skill level 1 in Long Blades
  1742 | D:3      | Reached skill level 1 in Axes
  1742 | D:3      | Reached skill level 1 in Maces & Flails
  1742 | D:3      | Reached skill level 1 in Polearms
  1742 | D:3      | Reached skill level 1 in Staves
  1742 | D:3      | Reached skill level 1 in Ranged Weapons
  1742 | D:3      | Reached skill level 1 in Throwing
  1742 | D:3      | Reached skill level 1 in Dodging
  1742 | D:3      | Reached skill level 1 in Stealth
  1742 | D:3      | Reached skill level 1 in Unarmed Combat
  1742 | D:3      | Reached skill level 1 in Evocations
  1747 | D:3      | Reached XP level 4. HP: 23/32 MP: 8/8
  1883 | D:3      | Noticed a scorpion
  1890 | D:3      | Killed a scorpion
  1891 | D:3      | Reached skill level 1 in Hexes
  1891 | D:3      | Reached skill level 1 in Summonings
  1891 | D:3      | Reached skill level 1 in Necromancy
  1891 | D:3      | Reached skill level 1 in Translocations
  1891 | D:3      | Reached skill level 1 in Transmutations
  1891 | D:3      | Reached skill level 1 in Fire Magic
  1891 | D:3      | Reached skill level 1 in Ice Magic
  1891 | D:3      | Reached skill level 1 in Air Magic
  1891 | D:3      | Reached skill level 1 in Earth Magic
  1891 | D:3      | Reached skill level 1 in Poison Magic
  1891 | D:3      | Reached XP level 5. HP: 37/37 MP: 9/9
  2093 | D:3      | Learned a level 3 spell: Ignite Poison
  2603 | D:2      | Bought a glowing shortbow for 150 gold pieces
  2856 | D:4      | Found a staircase to the Ecumenical Temple.
  2890 | Temple   | Entered the Ecumenical Temple
  2953 | Temple   | Became a worshipper of Warmaster Okawaru
  3161 | D:5      | Entered Level 5 of the Dungeon
  3172 | D:5      | Noticed an orc warrior
  3181 | D:5      | Killed an orc warrior
  3182 | D:5      | Reached XP level 6. HP: 36/44 MP: 9/11
  3227 | D:5      | Noticed a water moccasin
  3229 | D:5      | Noticed Pikel
  3246 | D:5      | HP: 1/66 [water moccasin (4)]
  3247 | D:5      | Succumbed to a water moccasin's poison

Illustrated notes

Levels and vault maps discovered:
D:1:      eino_arrival_druids_welcome, layout_loops_ring, serial_shops,
          nicolae_shop_bloodbath_and_beyond
D:2:      layout_loops_corners, serial_shops, nicolae_shop_real_fake_doors,
          nicolae_shop_pleasant_corner_grove, shop, serial_forest,
          infiniplex_forest_lined_room_3, infiniplex_forest_diagonal,
          infiniplex_forest_straight_1, infiniplex_forest_straight_4,
          infiniplex_forest_end_3, infiniplex_forest_clump_double,
          infiniplex_forest_straight_2, infiniplex_forest_clump_long
D:3:      layout_loops_ring, minmay_misc_feat_more_columns
D:4:      layout_rooms, temple_green
D:5:      layout_basic, slow_altar_2, mainiacjoe_overflow_24_doors,
          serial_shops, shop, uniq_pikel, uniq_edmund
Temple:   hellmonk_temple_two_chambers

Skill      XL: |  1  2  3  4  5 |
---------------+----------------+-----
Shields        | | 10.6
Conjurations   | 2 |  2.7
Invocations    | 1 2 |  2.3
Fighting       | 1 2 |  2.1
Short Blades   | 1 2 |  2.1
Long Blades    | 1 2 |  2.1
Axes           | 1 2 |  2.1
Maces & Flails | 1 2 |  2.1
Polearms       | 1 2 |  2.1
Staves         | 1 2 |  2.1
Ranged Weapons | 1 2 |  2.1
Throwing       | 1 2 |  2.1
Dodging        | 1 2 |  2.1
Stealth        | 1 2 |  2.1
Unarmed Combat | 1 2 |  2.1
Evocations     | 1 2 |  2.1
Spellcasting   | 3 |  3.5
Hexes          | 1 |  1.6
Summonings     | 1 |  1.6
Necromancy     | 1 |  1.6
Translocations | 1 |  1.6
Transmutations | 1 |  1.6
Fire Magic     | 1 |  1.6
Ice Magic      | 1 |  1.6
Air Magic      | 1 |  1.6
Earth Magic    | 1 |  1.6
Poison Magic   | 1 |  1.6
Armour         | |  6.9

Action                     |  1- 3 |  4- 6 || total
---------------------------+-------+-------++-------
  Melee: Dagger            |   280 |    88 ||   368
         Bite              |    53 |     6 ||    59
   Fire: Shortbow          |       |    15 ||    15
    Use: Scroll            |     3 |     9 ||    12
         Potion            |     1 |     4 ||     5
 Armour: Ring mail         |    39 |    20 ||    59
         Chain mail        |       |    34 ||    34
  Dodge: Dodged            |    29 |    55 ||    84
  Block: Buckler           |    25 |    18 ||    43
